 Dungeon Crawl Stone Soup version 0.13-a0-2485-g242ae62 (webtiles) character file.

106 Rycklaryybbe the Caller (level 3, -6/19 HPs)
             Began as a Kobold Summoner on July 21, 2013.
             Killed from afar by Sigmund (11 damage)
             ... with a magic dart
             ... on Level 2 of the Dungeon.
             The game lasted 00:10:16 (2362 turns).

Rycklaryybbe the Caller (Kobold Summoner)           Turns: 2362, Time: 00:10:17

HP  -6/19        AC  2     Str  7      XL: 3   Next: 70%
MP   2/6         EV 15     Int 14      God:
Gold 67          SH  0     Dex 15      Spells:  2 memorised,  1 level left

Res.Fire  : . . .   See Invis. : .   p - +0 sling
Res.Cold  : . . .   Warding    : .   a - +0 robe
Life Prot.: . . .   Conserve   : .   (no shield)
Res.Poison: .       Res.Corr.  : .   (no helmet)
Res.Elec. : .       Clarity    : .   (no cloak)
Sust.Abil.: . .     Spirit.Shd : .   (no gloves)
Res.Mut.  : .       Stasis     : .   (no boots)
Res.Rott. : .       Flight     : +   (no amulet)
Saprovore : + + .                    (no ring)
                                     (no ring)

@: flying, not resistant to hostile enchantments, stealthy
A: disease resistance, carnivore 3, saprovore 2
a: no special abilities


You were on level 2 of the Dungeon.
You were not hungry.

You visited 1 branch of the dungeon, and saw 2 of its levels.

You collected 47 gold pieces.

Inventory:

Hand weapons
 p - a +0,+0 sling (weapon)
Missiles
 f - 13 sling bullets (quivered)
 i - 11 stones
 k - 24 darts
 o - 11 poisoned needles
Armour
 a - a +0 robe (worn)
Comestibles
 c - a meat ration
Scrolls
 e - 2 scrolls of identify {unknown}
 g - a scroll of random uselessness {unknown}
 h - 2 scrolls of enchant armour {unknown}
 m - 2 scrolls of remove curse {unknown}
 n - a scroll of recharging {unknown}
Potions
 d - a potion of flight
Books
 b - a book of Callings

   Spells                             Type                      Level
   *Summon Small Mammal               Summoning                    1
   *Call Imp                          Summoning                    2
   Call Canine Familiar               Summoning                    3
   Summon Scorpions                   Summoning/Poison             4
   Summon Ice Beast                   Ice/Summoning                4


   Skills:
 - Level 2.4 Dodging
 - Level 2.6 Stealth
 + Level 1.4 Spellcasting
 - Level 5.0 Summonings


You had one spell level left.
You knew the following spells:

 Your Spells              Type           Power        Failure   Level  Hunger
a - Summon Small Mammal   Summ           ##..         3%          1    ##.....
b - Call Imp              Summ           ##........   6%          2    ###....


Dungeon Overview and Level Annotations

Branches:
Dungeon (2/27)

Altars:

Annotations
D:2 Sigmund


Innate Abilities, Weirdness & Mutations

You recuperate from illness quickly.
You are small and have problems with some larger weapons.
You are carnivorous and can eat meat at any time.
You can eat rotten meat.


Message History

Your white imp hits the giant gecko.
Your white imp freezes the giant gecko.
The giant gecko seems to slow down.
The giant gecko dies!
The magic dart hits your crimson imp. The magic dart hits your crimson imp.
Your crimson imp dies!
The magic dart hits your white imp.
Your white imp dies!
You swap places.
It hits you. It hits you!
Ouch! That really hurt!
* * * LOW HITPOINT WARNING * * *
Drink which item? (? for menu, Esc to quit)
You feel very buoyant.
You fly up into the air.
It was a potion of flight.
Your crimson imp disappears in a puff of smoke!
The magic dart hits you!
Ouch! That really hurt!
You die...

#........%#
#.......#
#.....#
#...# #'#
#.###
#§..######
##.........
##@...######
#.....#
##...##
##..#
#.######..#
#.........#
########%##
#.# #.#


There were no monsters in sight!

Vanquished Creatures
  3 hobgoblins
  A ball python (D:2)
  4 bats
  2 giant newts
  A goblin (D:2)
  A kobold (D:2)
  2 rats
14 creatures vanquished.

Vanquished Creatures (collateral kills)
  A giant mite (D:2)
  2 adders (D:2)
  A giant gecko (D:2)
  2 bats
  2 goblins
  3 hobgoblins (D:1)
  A kobold (D:2)
  A ball python (D:1)
  2 giant cockroaches (D:1)
  A rat (D:1)
16 creatures vanquished.

Vanquished Creatures (others)
  A crimson imp (D:2)
  A white imp (D:2)
  2 bats (D:2)
  3 rats (D:1)
7 creatures vanquished.

Grand Total: 37 creatures vanquished

Notes
Turn   | Place    | Note
--------------------------------------------------------------
     0 | D:1      | Rycklaryybbe, the Kobold Summoner, began the quest for the Orb.
     0 | D:1      | Reached XP level 1. HP: 10/10 MP: 3/3
    45 | D:1      | Chaositek: Кобольды жрут все =)
    49 | D:1      | Rycklaryybbe: ага
    51 | D:1      | Chaositek: Играл за демигода?
    51 | D:1      | Rycklaryybbe: кроме фруктов)
    51 | D:1      | Rycklaryybbe: нет
    51 | D:1      | Chaositek: Знаешь в чем его сила?
    51 | D:1      | Rycklaryybbe: даже до храма недобирался
    51 | D:1      | Rycklaryybbe: я знаю что он не берет богов
    51 | D:1      | Rycklaryybbe: а сила, хз, в статах?
    52 | D:1      | Chaositek: Демигод не может служить богам
    57 | D:1      | Chaositek: Вообще
    61 | D:1      | Chaositek: ага в статах
    61 | D:1      | Rycklaryybbe: это я знаю, только вряд ли это сила))
   281 | D:1      | Chaositek: Меня иногда бесят все эти боги
   292 | D:1      | Rycklaryybbe: чего?
   292 | D:1      | Rycklaryybbe: бери окивару))
   292 | D:1      | Rycklaryybbe: вообще н еобязывает
   292 | D:1      | Rycklaryybbe: дарит шмот
   465 | D:1      | Chaositek: Персонажи так привязаны к ним и от того какой у тебя бог зависит игровой процесс и поведение игрока
   584 | D:1      | Chaositek: Ксом ни к чему необязывает =)
   589 | D:1      | Rycklaryybbe: ))
   590 | D:1      | Reached XP level 2. HP: 13/15 MP: 4/4
   843 | D:1      | Chaositek: Меня за весь мой игровой опыт Ксом воскресил 2 раза =D
   965 | D:1      | Rycklaryybbe: ого)
   965 | D:1      | Rycklaryybbe: не знал, что он и так умеет
   965 | D:1      | Rycklaryybbe: обычно конфузит, убивает..
   965 | D:1      | Rycklaryybbe: мне правд аопыт дарил
   965 | D:1      | Chaositek: Умеет, только очень очень редко
   965 | D:1      | Rycklaryybbe: а я играла раза 3-4
  1016 | D:1      | Chaositek: МОжет подарить яблоко, или один золотой
  1051 | D:1      | Learned a level 2 spell: Call Imp
  1381 | D:2      | Reached XP level 3. HP: 11/19 MP: 0/6
  1902 | D:2      | Chaositek: А кста вспомнил от чего я часто в адоме умирал, от алхимии. Я думал что если я смешаю сок с водой ничего опасного не случится...
  2247 | D:2      | Reached skill level 5 in Summonings
  2261 | D:2      | Rycklaryybbe: ))))))))))))))))))))))))))
  2261 | D:2      | Rycklaryybbe: смешивать лучше только по рецептам)
  2261 | D:2      | Chaositek: Ну вот если подумать логически как это могло взорватся?
  2261 | D:2      | Rycklaryybbe: когда 100 алхимии, всегда дается рецепт PoGA
  2261 | D:2      | Chaositek: Чего?
  2261 | D:2      | Rycklaryybbe: potion of gain atributes
  2261 | D:2      | Chaositek: так и думал, да
  2261 | D:2      | Rycklaryybbe: если его блеснуть, то он повышает каждый стат на 1
  2261 | D:2      | Rycklaryybbe: если повезет и рецепт будет из доступных ингридиентов...
  2261 | D:2      | Rycklaryybbe: жить прекрасна))
  2318 | D:2      | Rycklaryybbe: хербализм по той же причие полезный скил
  2318 | D:2      | Rycklaryybbe: травами качать статы
  2341 | D:2      | Noticed Sigmund
  2362 | D:2      | Killed from afar by Sigmund

Action                   || total
-------------------------++-------
Melee: Unarmed           ||    55
 Fire: Sling             ||    25
Throw: Stone             ||    51
       Dart              ||     3
 Cast: Summon Small Mamm ||    23
       Call Imp          ||    11
  Use: Potion            ||     5
 Stab: Sleeping          ||     1
